 Dungeon Crawl Stone Soup version 0.23.2-40-g277498a001 (webtiles) character file.

Game seed: 6552561268814470697

35 Jerej03 the Grave Robber (level 3, -3/24 HPs)
             Began as a Mummy Necromancer on Sept 30, 2019.
             Slain by a worker ant (6 damage)
             ... on level 2 of the Dungeon on Oct 1, 2019.
             The game lasted 00:17:42 (1155 turns).

Jerej03 the Grave Robber (Mummy Necromancer)        Turns: 1155, Time: 00:17:42

Health: -3/24      AC:  2    Str: 12    XL:     3   Next: 16%
Magic:  0/7        EV: 12    Int: 14    God:
Gold:   62         SH:  0    Dex: 12    Spells: 3/8 levels left

rFire    x . .     SeeInvis .   g - +0 dagger
rCold    + . .     Gourm    .   (no shield)
rNeg     + + +     Faith    .   a - +0 robe
rPois    ∞         Spirit   .   (no helmet)
rElec    .         Reflect  .   (no cloak)
rCorr    .         Harm     .   (no gloves)
MR       .....                  (no boots)
Stlth    ++........             (no amulet)
HPRegen  0.08/turn              (no ring)
MPRegen  0.10/turn              (no ring)

@: very slightly contaminated
A: no food or potions, fire vulnerability, cold resistance 1, negative energy
resistance 3, torment resistance, unbreathing
a: no special abilities


You were on level 2 of the Dungeon.
You were not hungry.

You visited 1 branch of the dungeon, and saw 2 of its levels.

You collected 62 gold pieces.

Inventory:

Hand Weapons
 g - a +0 dagger (weapon)
Missiles
 d - 76 stones (quivered)
Armour
 a - a +0 robe (worn)
Scrolls
 b - 3 scrolls of remove curse
 e - 3 scrolls of identify {unknown}
 j - a scroll of fear {unknown}
 k - a scroll of random uselessness {unknown}
 l - 2 scrolls of teleportation {unknown}
 n - a scroll of immolation {unknown}
 o - a scroll of amnesia {unknown}
Potions
 f - a potion of haste {unknown}
 h - a potion of agility {unknown}
 i - a potion of lignification {unknown}
 m - a potion of invisibility {unknown}
Comestibles
 c - 4 rations


   Skills:
 + Level 1.7 Dodging
 + Level 1.6 Stealth
 + Level 3.4 Spellcasting
 * Level 4.6 Necromancy


You had 3 spell levels left.
You knew the following spells:

 Your Spells              Type           Power        Failure   Level  Hunger
a - Pain                  Necr           ###.         3%          1    N/A
b - Animate Skeleton      Necr           N/A          3%          1    N/A
c - Vampiric Draining     Necr           ###.......   9%          3    N/A

Your spell library contained the following spells:

 Spells                   Type           Power        Failure   Level  Hunger
 Animate Dead             Necr           N/A          30%         4    N/A
 Regeneration             Chrm/Necr      Unusable     N/A         3    N/A

Dungeon Overview and Level Annotations

Branches:
Dungeon (2/15)

Altars:


Innate Abilities, Weirdness & Mutations

You do not eat or drink.
Your flesh is vulnerable to fire.
You are immune to poison.
Your flesh is cold resistant. (rC+)
You are immune to negative energy. (rN+++)
You are immune to unholy pain and torment.
You can survive without breathing.


Message History

You hit the worker ant.
The worker ant is moderately wounded.
The worker ant bites you.
You hit the worker ant but do no damage.
The worker ant is moderately wounded.
The worker ant bites you!
* * * LOW HITPOINT WARNING * * *
The worker ant bites you.
* * * LOW HITPOINT WARNING * * *
Casting: Vampiric Draining (safe; 9% risk of failure)
Confirm with . or Enter, or press ? or * to list all spells.
You don't have enough magic to cast that spell.
Casting: Vampiric Draining (safe; 9% risk of failure)
Confirm with . or Enter, or press ? or * to list all spells.
You don't have enough magic to cast that spell.
Welcome back, Jerej03 the Mummy Necromancer.
Press ? for a list of commands and other information.
There is a stone staircase leading down here.
The worker ant bites you.
You die...

##..# #.##.#####.# . #.#.##
#.##.# #.# #. #.##..## #.##.#
#.##### ##.. .##..#.# #.##.##
#.#... ...#
#.#.#.####.#...####.#.### #..
##...............#.#....# #.#
....########...#..###...######.#.
##.## ##.#..## ##).......... #.#
#.#.@.###...######### #.#
##.#.a#.#†...# #.#
##.#......#.### ##.##
##.###..####.# #...######.##
##.####.##### #.#.......##
##...)†..... #...######.#
#......##### ##### #.# #.#######
#.#.#


You could see a worker ant.

Vanquished Creatures
  2 oozes (D:1)
  3 leopard geckos (D:1)
  A giant cockroach (D:1)
  4 goblins
  5 hobgoblins
  A ball python (D:2)
  A bat (D:1)
  2 frilled lizards (D:1)
  3 rats
22 creatures vanquished.

Notes
Turn   | Place    | Note
-------+----------+-------------------------------------------
     0 | D:1      | Jerej03 the Mummy Necromancer began the quest for the Orb.
     0 | D:1      | Reached XP level 1. HP: 13/13 MP: 4/4
    58 | D:1      | Learned a level 1 spell: Animate Skeleton
   258 | D:1      | Reached XP level 2. HP: 19/19 MP: 3/5
   944 | D:2      | Reached XP level 3. HP: 24/24 MP: 1/7
   959 | D:2      | Learned a level 3 spell: Vampiric Draining
  1155 | D:2      | Slain by a worker ant

Skill      XL: |  1  2 |
---------------+-------+-----
Spellcasting   | 3 |  3.4
Dodging        | |  1.7
Stealth        | |  1.6
Necromancy     | |  4.6

Action                   || total
-------------------------++-------
Melee: Unarmed           ||     1
       Dagger            ||    27
 Cast: Pain              ||    48
       Vampiric Draining ||     1
  Use: Scroll            ||     1
Armor: Robe              ||     3
Dodge: Dodged            ||     8
